 Dungeon Crawl Stone Soup version 0.26-a0-30-g56b8cd3df0 (webtiles) character file.

Game seed: 9864143545410197046, levelgen mode: deterministic

142 Lanoc the Chopper (level 5, 0/45 HPs)
             Began as a Draconian Skald on May 30, 2020.
             Killed by divine providence
             ... invoked by an orc priest
              (14 damage)
             ... on level 3 of the Dungeon.
             The game lasted 00:02:11 (2022 turns).

Lanoc the Chopper (Draconian Skald)                 Turns: 2022, Time: 00:02:11

Health: 0/45       AC:  6    Str: 12 (13) XL:     5   Next: 4%
Magic:  0/8        EV: 12    Int: 12 (14) God:
Gold:   98         SH:  0    Dex:  9 (11) Spells: 5/8 levels left

rFire    . . .     SeeInvis .   a - +0 hand axe
rCold    . . .     Gourm    .   (no shield)
rNeg     . . .     Faith    .   (armour unavailable)
rPois    .         Spirit   .   (helmet restricted)
rElec    .         Reflect  .   g - +0 cloak
rCorr    .         Harm     .   (no gloves)
MR       .....                  (no boots)
Stlth    +.........             (no amulet)
HPRegen  0.15/turn              (no ring)
MPRegen  0.11/turn              (no ring)

@: infused, singing, very slightly contaminated
A: unfitting armour, cold-blooded, AC +5
a: no special abilities


You were on level 3 of the Dungeon.
You were not hungry.

You visited 1 branch of the dungeon, and saw 3 of its levels.

You collected 98 gold pieces.

Inventory:

Hand Weapons
 a - a +0 hand axe (weapon)
Armour
 g - a +0 cloak (worn)
Scrolls
 b - a scroll of teleportation {unknown}
 f - 2 scrolls of enchant armour {unknown}
 j - 3 scrolls of identify {unknown}
Potions
 d - a potion of cancellation {unknown}
 e - a potion of degeneration
 h - a potion of berserk rage {unknown}
 k - a potion of haste {unknown}
Comestibles
 c - 4 rations
 i - a chunk of flesh


   Skills:
 + Level 3.2 Fighting
 * Level 3.6 Axes
 + Level 2.8 Dodging
 - Level 2.0 Spellcasting
 + Level 3.3 Charms


You had 5 spell levels left.
You knew the following spells:

 Your Spells              Type           Power        Failure   Level  Hunger
a - Infusion              Chrm           #...         7%          1    ##.....
b - Song of Slaying       Chrm           #.......     11%         2    ###....

Your spell library contained the following spells:

 Spells                   Type           Power        Failure   Level  Hunger
 Shroud of Golubria       Chrm/Tloc      #.....       21%         2    ###....
 Ozocubu's Armour         Chrm/Ice       #.......     38%         3    ####...
 Spectral Weapon          Hex/Chrm       #.......     38%         3    ####...


Dungeon Overview and Level Annotations

Branches:
Dungeon (3/15)

Altars:


Innate Abilities, Weirdness & Mutations

Your plain brown scales are hard. (AC +5)
You cannot fit into any form of body armour.
You are cold-blooded and may be slowed by cold attacks.


Message History

You kill the orc!
You slash the orc!
You kill the orc!
The orc priest calls down the wrath of Beogh upon you.
Pain shoots through your body!
Some of the chunks of flesh in your inventory have rotted away.
It was a potion of degeneration.
There was something very wrong with that liquid.
You feel weakened.
You feel dopey.
You feel clumsy.
You hit the orc priest.
The orc priest is heavily wounded.
The orc priest miscasts a cantrip.
You hit the orc priest.
The orc priest is severely wounded.
The orc priest misses you.
You hit the orc priest but do no damage.
The orc priest is severely wounded.
The orc priest invokes the aid of Beogh against you.
Beogh smites you!
You die...

...########
....oJo@!.#
##.######.#
### .# #.#
..#### .# #.#
..'..# .# #.#
..##+######.#
#.#
....(.......#
#.#
............#
#.#
.........รท..#
#.#


You could see an orc priest, an orc wizard (fast) and an ooze.

Vanquished Creatures
  A bullfrog (D:3)
  3 adders
  3 worms (D:2)
  2 leopard geckos (D:2)
  5 orcs (D:3)
  4 bats
  3 hobgoblins
  A quokka (D:2)
  A frilled lizard (D:1)
  5 goblins
  6 kobolds
  5 rats
39 creatures vanquished.

Notes
Turn   | Place    | Note
-------+----------+-------------------------------------------
     0 | D:1      | Lanoc the Draconian Skald began the quest for the Orb.
     0 | D:1      | Reached XP level 1. HP: 17/17 MP: 3/3
   270 | D:2      | Reached XP level 2. HP: 24/25 MP: 5/5
   765 | D:2      | Reached XP level 3. HP: 30/30 MP: 4/6
  1139 | D:2      | Learned a level 2 spell: Song of Slaying
  1488 | D:3      | Noticed a bullfrog
  1497 | D:3      | Killed a bullfrog
  1497 | D:3      | Reached XP level 4. HP: 25/38 MP: 0/7
  1934 | D:3      | Reached XP level 5. HP: 44/45 MP: 5/8
  2022 | D:3      | Killed from afar by an orc priest

Illustrated notes

Levels and vault maps discovered:
D:1:      dpeg_arrival_simpleton_c, layout_basic
D:2:      layout_loops_ring
D:3:      layout_basic, lemuel_coloured_pillars_altar

Skill      XL: |  1  2  3 |
---------------+----------+-----
Charms         | 3 |  3.3
Axes           | 3 |  3.6
Fighting       | 3 |  3.2
Dodging        | |  2.8
Spellcasting   | |  2.0

Action                   |  1- 3 |  4- 6 || total
-------------------------+-------+-------++-------
Melee: Hand axe          |   124 |    44 ||   168
       Tailslap          |    16 |     7 ||    23
 Cast: Infusion          |    11 |     4 ||    15
       Song of Slaying   |       |     1 ||     1
  Use: Potion            |       |     1 ||     1
 Stab: Sleeping          |     1 |       ||     1
  Eat: Chunk             |     2 |     2 ||     4
Armor: Skin              |    32 |     8 ||    40
Dodge: Dodged            |    95 |    30 ||   125

Table legend:
 A = Non-vault XP
 B = Vault XP
 C = Vault XP percentage of total XP
 D = Non-vault monster count
 E = Vault monster count
 F = Vault count percentage of total count
                 A         B        C        D         E       F
            +---------+---------+-------+---------+---------+-------
      Total |     204 |       0 |   0.0 |      39 |       0 |   0.0
            +---------+---------+-------+---------+---------+-------
        D:1 |      11 |       0 |   0.0 |       8 |       0 |   0.0
        D:2 |      69 |       0 |   0.0 |      21 |       0 |   0.0
        D:3 |     124 |       0 |   0.0 |      10 |       0 |   0.0
            +---------+---------+-------+---------+---------+-------
